 Dungeon Crawl Stone Soup version 0.29-a0-356-g7bc237e783 (webtiles) character file.

Game seed: 3525385535680089354

864 pokeman the Thaumaturge (level 7, -14/39 HPs)
             Began as a Deep Elf Hedge Wizard on Apr 25, 2022.
             Was an Initiate of Vehumet.
             Demolished by a gnoll sergeant
             ... wielding a +6 trident of flaming
              (16 damage)
             ... on level 6 of the Dungeon.
             The game lasted 00:14:18 (7551 turns).

pokeman the Thaumaturge (Deep Elf Hedge Wizard)     Turns: 7551, Time: 00:14:19

Health: -14/39     AC:  3    Str:  7    XL:     7   Next: 72%
Magic:  16/30      EV: 12    Int: 21    God:    Vehumet [......]
Gold:   426        SH:  0    Dex: 14    Spells: 6/23 levels left

rFire   + . .      SeeInvis .   i - +1 dagger (venom)
rCold   . . .      Faith    .   (no shield)
rNeg    . . .      Spirit   .   m - +0 leather armour {rF+}
rPois   .          Reflect  .   c - +0 hat
rElec   .          Harm     .   (no cloak)
rCorr   .          Rampage  .   (no gloves)
Will    .....                   (no boots)
Stlth   ++........              (no amulet)
HPRegen 0.13/turn               C - ring of magical power
MPRegen 0.22/turn               z - ring of wizardry

@: very slightly contaminated
A: no striking features
a: Renounce Religion


You were on level 6 of the Dungeon.
You worshipped Vehumet.
Vehumet was noncommittal.
You visited 1 branch of the dungeon, and saw 6 of its levels.

You collected 426 gold pieces.

Inventory:

Hand Weapons
 i - a +1 dagger of venom (weapon)
Armour
 a - the +6 scale mail of Tohocu {Stlth+}
   (You found it on level 2 of the Dungeon)

   Stlth:     It makes you more stealthy.
 c - a +0 hat (worn)
 e - a +0 buckler
 m - a +0 leather armour of fire resistance (worn)
 u - a scarf of harm
Jewellery
 j - a +6 ring of intelligence
 q - a ring of ice
 z - a ring of wizardry (right hand)
 C - a ring of magical power (left hand)
Wands
 v - a wand of flame (13)
Scrolls
 f - a scroll of teleportation {unknown}
 n - a scroll of summoning {unknown}
 o - 4 scrolls of identify {unknown}
 p - 2 scrolls of fear {unknown}
 s - a scroll of acquirement {unknown}
 w - a scroll of magic mapping {unknown}
 y - a scroll of immolation {unknown}
 E - a scroll of fog {unknown}
Potions
 b - a potion of cancellation {unknown}
 d - a potion of magic
 g - a potion of berserk rage {unknown}
 h - 2 potions of curing {unknown}
 k - a potion of flight {unknown}
 l - a potion of haste {unknown}
 r - 3 potions of lignification {unknown}
 t - a potion of brilliance {unknown}
 x - a potion of invisibility {unknown}
 A - a potion of mutation {unknown}
 B - 2 potions of ambrosia {unknown}
 D - a potion of heal wounds {unknown}


   Skills:
 + Level 1.9 Fighting
 - Level 1.0 Armour
 - Level 3.0 Dodging
 - Level 3.0 Stealth
 - Level 1.0 Shields
 * Level 8.5 Spellcasting
 + Level 4.2 Conjurations
 - Level 1.1 Summonings
 - Level 1.1 Translocations
 + Level 2.2 Fire Magic
 - Level 1.0 Air Magic
 - Level 1.1 Earth Magic
 - Level 1.3 Poison Magic
 - Level 1.0 Evocations


You had 6 spell levels left.
You knew the following spells:

 Your Spells              Type           Power      Damage    Failure   Level
a - Magic Dart            Conj           100%       1d8       1%          1
b - Mephitic Cloud        Conj/Pois/Air  18%        N/A       6%          3
c - Call Imp              Summ           13%        N/A       4%          2
d - Blink                 Tloc           26%        N/A       4%          2
e - Conjure Flame         Conj/Fire      22%        6-21      3%          3
f - Iron Shot             Conj/Erth      10%        9d3       89%         6

Your spell library contained the following spells:

 Spells                   Type           Power      Damage    Failure   Level
 Static Discharge         Conj/Air       20%        N/A       2%          2
 Sting                    Tmut/Pois      44%        1d5       3%          1
 Slow                     Hex            36%        N/A       4%          1
 Poisonous Vapours        Pois/Air       26%        N/A       4%          2
 Sublimation of Blood     Necr           9%         N/A       7%          2
 Wereblood                Tmut           9%         N/A       7%          2
 Sticky Flame             Conj/Fire      22%        2d4       12%         4
 Iskenderun's Battlesphe  Conj           26%        2d8       21%         5
 Olgreb's Toxic Radiance  Pois           14%        N/A       26%         4
 Dispel Undead            Necr           9%         3d8       38%         4
 Lightning Bolt           Conj/Air       10%        1d23      38%         5
 Spellforged Servitor     Conj/Summ      10%        N/A       100%        7
 Summon Hydra             Summ           6%         N/A       100%        7
 Maxwell's Capacitive Co  Air            6%         ∞         100%        8


Dungeon Overview and Level Annotations

Branches:
Dungeon (6/15)             Temple (0/1) D:5

Altars:
Ashenzari
Hepliaklqana
Vehumet
Yredelemnul

Portals:
Abyss: D:4

Annotations:
D:4 2 transporters, Antichthon's ghost, weakling NaWr


Message History

You hit the gnoll sergeant but do no damage.
The gnoll sergeant hits you with a +6 trident of flaming!
The gnoll sergeant burns you.
The gnoll is engulfed in noxious fumes.
The gnoll appears confused.
Unknown command.
The gnoll hits the gnoll with a +0 halberd!
The gnoll is killed!
Vehumet accepts your kill.
The gnoll sergeant hits the gnoll with a +6 trident of flaming!
The gnoll sergeant burns the gnoll.
The gnoll is killed!
Vehumet accepts your kill.
There is a stone staircase leading up here.
Casting: Mephitic Cloud (dangerous; 6% risk of failure)
Confirm with . or Enter, or press ? or * to list all spells.
A beastly little devil appears in a puff of flame.
Unknown command.
What are your orders? t - Shout!
Orders for allies: a - Attack new target. p - Attack previous target. r - Retreat! s - Stop attacking. g - Guard the area. f - Follow me.
Anything else - Cancel.
Gang up on whom?
Press: ? - help, Dir - move target, f/p - gnoll sergeant
Aim: a gnoll sergeant, wielding a +6 trident of flaming, wearing a +0 ring mail and wearing a +0 kite shield (confused, ally target) Attack!
Your crimson imp hits the gnoll sergeant but does no damage.
The gnoll sergeant misses your crimson imp.
Unknown command.
The gnoll sergeant hits your crimson imp with a +6 trident of flaming!
Your crimson imp hits the gnoll sergeant.
The gnoll sergeant seems less confused.
Your crimson imp blinks!
The gnoll sergeant hits you from afar with a +6 trident of flaming!
* * * LOW HITPOINT WARNING * * *
Unknown command.
You hear a distant slurping noise.
The gnoll sergeant hits you from afar with a +6 trident of flaming!
You die...

#.# #.#
#.# # #.#
#. #.# ..
#.#
#.#.#g###
#..g).§@#
##.#5####
#. g. #..
..> .###
.


You could see a gnoll sergeant (ally target), a gnoll (confused) and a friendly
crimson imp (summoned).

Vanquished Creatures
  A sky beast (D:4)
  Blork the orc (D:5)
  2 necrophages
  A scorpion (D:5)
  A crimson imp (D:5)
  2 hounds
  Terence (D:2)
  Natasha (thrice) (D:3)
  2 iguanas
  2 scorpion zombies (D:3)
  4 gnolls
  7 adders
  A shadow imp (D:4)
  A white imp (D:5)
  An adder zombie (D:3)
  A worm (D:3)
  3 dart slugs
  3 orcs
  10 ball pythons
  4 bats
  10 endoplasms
  5 giant cockroaches
  8 goblins
  2 hobgoblins (D:1)
  6 jackals
  18 kobolds
  3 quokkas (D:3)
  A jackal zombie (D:3)
  6 rats
110 creatures vanquished.

Vanquished Creatures (others)
  4 toadstools (D:1)
4 creatures vanquished.

Grand Total: 114 creatures vanquished

Notes
Turn   | Place    | Note
-------+----------+-------------------------------------------
     0 | D:1      | pokeman the Deep Elf Hedge Wizard began the quest for the
                  | Orb.
     0 | D:1      | Reached XP level 1. HP: 10/10 MP: 7/7
   358 | D:1      | Reached XP level 2. HP: 16/16 MP: 5/9
  1267 | D:2      | Reached skill level 5 in Spellcasting
  1385 | D:2      | Reached XP level 3. HP: 19/20 MP: 3/11
  1389 | D:2      | Learned a level 3 spell: Mephitic Cloud
  1392 | D:2      | Learned a level 2 spell: Call Imp
  1395 | D:2      | Learned a level 2 spell: Blink
  1399 | D:2      | Learned a level 3 spell: Conjure Flame
  1454 | D:2      | Identified the +6 scale mail of Tohocu {Stlth+}
  1654 | D:2      | Noticed Terence
  1662 | D:2      | Killed Terence
  1663 | D:2      | Reached skill level 1 in Fighting
  1663 | D:2      | Reached skill level 1 in Armour
  1667 | D:2      | Reached XP level 4. HP: 14/25 MP: 1/13
  2124 | D:1      | Found a faded altar of an unknown god.
  3375 | D:2      | Reached skill level 6 in Spellcasting
  3585 | D:3      | Reached XP level 5. HP: 29/29 MP: 9/15
  3757 | D:3      | Noticed Natasha
  3764 | D:3      | Killed Natasha
  3765 | D:3      | Reached skill level 1 in Shields
  3828 | D:3      | Reached skill level 1 in Fire Magic
  3923 | D:3      | Reached XP level 6. HP: 34/34 MP: 11/17
  4007 | D:3      | Found a basalt altar of Yredelemnul.
  4100 | D:3      | Found a faded altar of an unknown god.
  4100 | D:3      | Found a hazy altar of Hepliaklqana.
  4114 | D:3      | Found a faded altar of an unknown god.
  4182 | D:3      | Learned a level 6 spell: Iron Shot
  4266 | D:3      | Noticed Natasha
  4277 | D:3      | Killed Natasha
  4278 | D:3      | Reached skill level 7 in Spellcasting
  5076 | D:3      | Noticed Natasha
  5084 | D:3      | Killed Natasha
  5189 | D:4      | Found a radiant altar of Vehumet.
  5196 | D:4      | Became a worshipper of Vehumet
  5425 | D:4      | Reached skill level 1 in Air Magic
  5603 | D:4      | Noticed a sky beast
  5617 | D:4      | Killed a sky beast
  5618 | D:4      | Reached skill level 1 in Poison Magic
  5941 | D:4      | Found a transporter.
  6013 | D:4      | Found a broken altar of Ashenzari.
  6024 | D:4      | Found a transporter.
  6025 | D:4      | Found a one-way gate to the infinite horrors of the Abyss.
  6025 | D:4      | Noticed Antichthon's ghost (weakling NaWr)
  6163 | D:4      | Reached skill level 1 in Earth Magic
  6163 | D:4      | Reached XP level 7. HP: 38/38 MP: 14/20
  6588 | D:5      | Entered Level 5 of the Dungeon
  6708 | D:5      | Reached skill level 1 in Evocations
  6757 | D:5      | Noticed Blork the orc
  6779 | D:5      | Reached skill level 8 in Spellcasting
  6788 | D:5      | Killed Blork the orc
  7064 | D:5      | Found a staircase to the Ecumenical Temple.
  7551 | D:6      | Demolished by a gnoll sergeant

Illustrated notes

Levels and vault maps discovered:
D:1:      ldierk_walled_garden_2, layout_loops_corners,
          dilly_ecumenical_altar_fadedgnrine
D:2:      minmay_kobold_bridge, layout_basic, chequers_hall_statues_corner_a,
          uniq_terence
D:3:      layout_loops_corners, nicolae_yredelemnul_corpse_copse,
          nicolae_hepliaklqana_ecumenical_no_more, uniq_natasha
D:4:      layout_loops_corners, mainiacjoe_overflow_catch_the_wave,
          gammafunk_ghost_abyssal_escape, kennysheep_small_square
D:5:      layout_rooms, minmay_temple_entry_slanted, minmay_fire_ice_demons,
          uniq_blork_the_orc
D:6:      layout_basic

Skill      XL: |  1  2  3  4  5  6  7 |
---------------+----------------------+-----
Spellcasting   | 5 6 7 8 |  8.5
Fighting       | 1 |  1.9
Armour         | 1 |  1.0
Conjurations   | 2 3 4 |  4.2
Dodging        | 3 |  3.0
Shields        | 1 |  1.0
Fire Magic     | 1 2 |  2.2
Stealth        | 3 |  3.0
Air Magic      | 1 |  1.0
Poison Magic   | 1 |  1.3
Earth Magic    | 1 |  1.1
Evocations     | 1 |  1.0
Summonings     | |  1.1
Translocations | |  1.1

Action                   |  1- 3 |  4- 6 |  7- 9 || total
-------------------------+-------+-------+-------++-------
Melee: Dagger            |    16 |    34 |    13 ||    63
       Punch             |       |     2 |       ||     2
 Cast: Magic Dart        |    78 |   142 |    46 ||   266
       Mephitic Cloud    |     1 |     5 |     5 ||    11
       Conjure Flame     |     1 |     3 |     1 ||     5
       Call Imp          |       |       |     2 ||     2
 Stab: Confused          |       |     1 |       ||     1
       Sleeping          |       |       |     1 ||     1
Armor: Robe              |    10 |     2 |       ||    12
       Leather armour    |       |     5 |     1 ||     6
Dodge: Dodged            |    24 |    17 |     5 ||    46

Table legend: (Time is in decaauts)
 A = Elapsed time spent in this place.
 B = Non-inter-level travel time spent in this place.
 C = Inter-level travel time spent in this place.
 D = Time resting spent in this place.
 E = Time spent auto-exploring this place.
 F = Levels seen in this place.
 G = Mean time per level.
                   A        B        C        D        E       F      G
               +--------+--------+--------+--------+--------+-----+--------+
         Total |   7548 |   7410 |    138 |    225 |   6076 |   6 | 1258.0 |
       Dungeon |   7548 |   7410 |    138 |    225 |   6076 |   6 | 1258.0 |
               +--------+--------+--------+--------+--------+-----+--------+

Top non-repeatable levels by time:
     D:3: 1751 daAuts
     D:1: 1729 daAuts
     D:2: 1706 daAuts
     D:4: 1399 daAuts
     D:5: 941 daAuts
     D:6: 19 daAuts
